 Dungeon Crawl Stone Soup version 0.31-a0-431-g88bdf31460 (webtiles) character file.

Game seed: 6465331347214912057

91718 garrulousMonolith the Bludgeoner (level 16, -1/105 HPs)
             Began as a Gargoyle Fighter on July 31, 2023.
             Was the Champion of the Shining One.
             Incinerated by Azrael (3 damage)
             ... with a sticky flame
             ... on level 15 of the Dungeon.
             The game lasted 00:33:46 (21188 turns).

garrulousMonolith the Bludgeoner (GrFi)            Turns: 21188, Time: 00:33:47

Health: -1/105     AC: 38    Str: 21    XL:     16   Next: 4%
Magic:  11/25      EV: 12    Int: 14    God:    the Shining One [******]
Gold:   2519       SH: 23    Dex: 11    Spells: 15/15 levels left

rFire   + . .        F - +4 eveningstar (flame)
rCold   + . .        x - +0 tower shield
rNeg    + + +        U - +4 plate armour {rF+}
rPois   ∞            (no helmet)
rElec   +            (no cloak)
rCorr   .            E - +2 pair of gloves
SInv    .            X - +1 pair of boots
Will    +....        h - amulet of reflection Stlth
                     C - ring of protection from cold
HPRegen 0.37/turn    N - +5 ring of evasion
MPRegen 0.19/turn

%: reflection
@: on fire, flying, glowing, studying Axes
A: sickness immunity, AC +12, big wings, negative energy resistance 1,
electricity resistance, torment resistance 1, petrification resistance
a: Renounce Religion, Divine Shield, Cleansing Flame, Summon Divine Warrior,
Brand Weapon With Holy Wrath


You were on level 15 of the Dungeon.
You worshipped the Shining One.
The Shining One was exalted by your worship.
You visited 3 branches of the dungeon, and saw 21 of its levels.
You also visited: Bailey and Volcano.

You collected 3031 gold pieces.
You spent 512 gold pieces at shops.

Inventory:

Hand Weapons
 p - a +0 broad axe
 F - a +4 eveningstar of flaming (weapon)
 Y - the +9 flail of Drought {freeze, *Corrode rN+++ Will++ Dex-5}
   (You found it on level 5 of the Lair of Beasts)

   Dex:       It affects your dexterity (-5).
   rN:        It renders you almost immune to negative energy.
   *Corrode:  It may corrode you when you take damage.
   Will:      It greatly increases your willpower.
Missiles
 g - a curare-tipped dart
 w - 18 poisoned darts (quivered)
 R - a throwing net
 Z - 5 datura-tipped darts
Armour
 x - a +0 tower shield (worn)
 E - a +2 pair of gloves (worn)
 U - a +4 plate armour of fire resistance (worn)
 X - a +1 pair of boots (worn)
Jewellery
 a - a +5 ring of evasion
 b - a ring of see invisible
 h - an amulet of reflection (around neck)
 k - an amulet of regeneration
 C - a ring of protection from cold (left hand)
 D - a ring of protection from cold
 N - a +5 ring of evasion (right hand)
 Q - a ring of protection from fire
Wands
 e - a wand of quicksilver (5)
 f - a wand of charming (20)
 j - a wand of mindburst (17)
 B - a wand of iceblast (2)
 H - a wand of polymorph (7)
 I - a wand of flame (30)
Scrolls
 i - 2 scrolls of enchant armour
 l - 5 scrolls of immolation
 m - 3 scrolls of fear
 n - 3 scrolls of poison
 q - a scroll of revelation {unknown}
 s - 8 scrolls of teleportation
 u - 4 scrolls of blinking
 y - a scroll of silence
 G - a scroll of brand weapon
 O - 3 scrolls of fog
 S - a scroll of amnesia
 W - 3 scrolls of identify
Potions
 c - a potion of enlightenment
 d - 2 potions of lignification
 o - 12 potions of curing
 r - a potion of resistance
 t - 3 potions of berserk rage
 v - 5 potions of haste
 A - 2 potions of brilliance
 L - a potion of cancellation
 M - 3 potions of magic
 P - 2 potions of mutation


   Skills:
 + Level 13.7 Fighting
 - Level 16.0 Maces & Flails
 + Level 13.6 Armour
 - Level 5.0 Dodging
 * Level 15.0 Shields
 + Level 12.1 Invocations


You had 15 spell levels left.
You didn't know any spells.
Your spell library contained the following spells:

 Spells                   Type           Power      Damage    Failure   Level
 Apportation              Tloc           0%         N/A       100%        1
 Necrotise                Necr           0%         1d4       100%        1
 Sandblast                Erth           0%         2d4       100%        1
 Slow                     Hex            0%         N/A       100%        1
 Summon Small Mammal      Summ           0%         N/A       100%        1
 Blink                    Tloc           0%         N/A       100%        2
 Ensorcelled Hibernation  Hex/Ice        0%         N/A       100%        2
 Passwall                 Tmut/Erth      0%         N/A       100%        2
 Confusing Touch          Hex            0%         N/A       100%        3
 Dazzling Flash           Conj/Hex       0%         N/A       100%        3
 Ignite Poison            Fire/Tmut/Pois 0%         N/A       100%        3
 Portal Projectile        Hex/Tloc       0%         N/A       100%        3
 Stone Arrow              Conj/Erth      0%         3d7       100%        3
 Summon Guardian Golem    Hex/Summ       0%         N/A       100%        3
 Swiftness                Air            0%         N/A       100%        3
 Tukima's Dance           Hex            0%         N/A       100%        3
 Vampiric Draining        Necr           0%         2d6       100%        3
 Vhi's Electric Charge    Tloc/Air       0%         N/A       100%        3
 Iskenderun's Mystic Bla  Conj/Tloc      0%         2d3       100%        4
 Leda's Liquefaction      Hex/Erth       0%         N/A       100%        4
 Manifold Assault         Tloc           0%         N/A       100%        4
 Agony                    Necr           0%         N/A       100%        5
 Arcjolt                  Conj/Air       0%         1d10      100%        5
 Freezing Cloud           Conj/Ice/Air   0%         6-21      100%        5
 Silence                  Hex/Air        0%         N/A       100%        5
 Conjure Ball Lightning   Conj/Air       0%         3x3d6     100%        6
 Plasma Beam              Fire/Air       0%         2x1d10    100%        6
 Orb of Destruction       Conj           0%         9d5       100%        7
 Spellforged Servitor     Conj/Summ      0%         N/A       100%        7
 Cigotuvi's Dreadful Rot  Necr/Pois/Air  Unusable   N/A       N/A         2

Dungeon Overview and Level Annotations

Branches:
Dungeon (15/15)            Temple (1/1) D:7            Lair (5/5) D:10
  Swamp (0/4) Lair:3        Snake (0/4) Lair:2        Slime (0/5) Lair:4
    Orc (0/2) D:11         Vaults (0/5) D:13         Depths (0/4) D:15
 Bailey (visited)         Volcano (visited)

Altars:
Ashenzari
Cheibriados
Dithmenos
Elyvilon
Fedhas
Gozag
Hepliaklqana
Kikubaaqudgha
Makhleb
Nemelex Xobeh
Okawaru
Qazlal
Ru
Sif Muna
Trog
Uskayaw
Vehumet
Wu Jian
Xom
Yredelemnul
Zin
The Shining One
Jiyva
Lugonu

Shops:
D:9 !   D:12 !

Portals:
Abyss: Lair:5
Trove: D:10 (give +6 demon whip)

Annotations:
D:9 1 runed translucent door, SevenDeadlySins's ghost, novice MfSh
D:15 Azrael
Lair:4 3 runed translucent doors, randomguy2701's ghost, journeyman MiFi


Innate Abilities, Weirdness & Mutations

You are immune to sickness and miasma.
Your stone body is resilient. (AC +12)
You are immune to poison.
Your large and strong wings let you fly.
You resist negative energy. (rN+)
You are resistant to electric shocks. (rElec)
You are resistant to unholy torment.
You are immune to petrification.


Message History

Press: ? - help, Dir - look around, f - activate The golden flame engulfs you but does no damage.
The golden flame engulfs the fire elemental!
You destroy the fire elemental!
The golden flame engulfs the fire elemental!!
You destroy the fire elemental!
The golden flame engulfs Azrael!!!
Azrael writhes in agony!
Azrael is heavily wounded.
Azrael gestures at you. The bolt of fire hits you! You resist.
Azrael gestures at you.
The sphere of damnation explodes!
The damnation engulfs you!!
* * * LOW HITPOINT WARNING * * *
The damnation engulfs Azrael.
Azrael completely resists.
Things that are here:
a hell hound corpse; a hell hound corpse You puncture Azrael!
Azrael is severely wounded.
Azrael barely misses you.
Okay, then.
You feel much better. Azrael gestures at you.
The sphere of damnation explodes!
The damnation engulfs you!!
* * * LOW HITPOINT WARNING * * *
The damnation engulfs Azrael.
Azrael completely resists.
Activating: Cleansing Flame (1% risk of failure)
Press: ? - help, Dir - look around, f - activate The golden flame engulfs you but does no damage.
You resist.
The golden flame engulfs Azrael.
Azrael writhes in agony!
Azrael is severely wounded.
Azrael gestures at you.
The sticky flame hits you but does no damage.
You are covered in liquid flames!
Activating: Cleansing Flame (1% risk of failure)
Press: ? - help, Dir - look around, f - activate The golden flame engulfs you but does no damage.
The golden flame engulfs Azrael!!
Azrael writhes in agony!
Azrael is almost dead.
You are covered in liquid flames!
You die...

...#.# #...#####
#≈≈...≈≈
...#.########.##
#≈..#..≈
...#..........#
#.#.#.#.
...#..........#
#.≈.≈.≈.
...#..........####
#.≈...≈.
...#.#######.^...#
#.≈...≈. ...#.#
#....####.#
#.##+##. ...#.#
#.##.~≈##.#
#.#...#. ...#.#
##.~≈○#@# #.#.>.#.
####.. #≈.....R#
#)'..)')
.~~~~~~≈~#
########
.....~≈≈≈≈#
.~~~.~≈≈≈≈#
.≈≈≈.~≈≈≈##
.#≈~..~≈##
##~~.~## ##~.#


You could see Azrael.

Vanquished Creatures
  Rupert (D:14)
  A frost giant (D:15)
  A hydra (Lair:5)
  Harold (Lair:2)
  2 catoblepae
  5 boulder beetles
  6 two-headed ogres
  7 centaur warriors
  16 death yaks
  2 tengu warriors (D:15)
  An orc high priest (Bailey)
  4 thrashing horrors (Lair:5)
  4 skysharks
  4 skeletal warriors (D:12)
  2 lindwurms
  3 slime creatures (D:13)
  2 deep elf pyromancers
  An oklob plant (Lair:1)
  A will-o-the-wisp (Lair:3)
  10 ugly things
  5 cyclopes
  4 salamanders
  17 elephants
  4 manticores
  7 black mambas
  A smoke demon (Lair:5)
  A cane toad (shapeshifter) (D:15)
  6 cane toads
  2 torpor snails (Lair:1)
  2 rime drakes
  An efreet (D:15)
  7 komodo dragons
  A kobold demonologist (Bailey)
  2 tengu conjurers (D:14)
  2 hornets
  A polar bear (Lair:2)
  35 blink frogs
  3 trolls
  2 raiju (Lair:5)
  5 dream sheep (Lair:4)
  A ynoxinul (Lair:5)
  Sigmund (D:3)
  2 wraiths
  2 spriggans (Lair:5)
  2 shadows
  3 vampires
  39 yaks
  6 basilisks
  3 fire elementals (D:15)
  5 wyverns
  A human (D:9)
  2 fire bats (Volcano)
  3 hogs (D:9)
  A redback (shapeshifter) (Lair:5)
  3 chaos spawn (Lair:5)
  6 vampire mosquitoes
  14 water moccasins
  2 acid dragons (D:9)
  13 small abominations (Lair:5)
  5 hell hounds
  A sky beast (D:7)
  Duvessa (D:6)
  3 black bears
  16 orc warriors
  5 boggarts (D:15)
  16 wolves
  2 ogres
  14 centaurs
  A phantom (D:6)
  3 kobold brigands
  2 gnoll sergeants
  3 scorpions
  9 bullfrogs
  17 wights
  Dowan (D:6)
  10 killer bees
  A howler monkey (D:10)
  4 electric eels (Bailey)
  A jelly (D:5)
  4 lava snakes (Lair:2)
  4 orc priests
  A hound (D:4)
  5 iguanas
  Terence (D:2)
  A gnoll bouda (D:7)
  12 orc wizards
  18 gnolls
  7 adders
  A shadow imp (D:6)
  12 white imps (D:13)
  3 worms
  7 dart slugs
  64 orcs
  4 bats
  10 endoplasms
  6 giant cockroaches
  12 goblins
  13 hobgoblins
  4 jackals
  2 quokkas (D:1)
  8 ball pythons
  6 frilled lizards
  15 kobolds
  4 rats
630 creatures vanquished.

Vanquished Creatures (others)
  Nessos (D:15)
  An orc (D:14)
  4 foxfires (Lair:3)
6 creatures vanquished.

Grand Total: 636 creatures vanquished

Notes
Turn   | Place    | Note
-------+----------+-------------------------------------------
     0 | D:1      | garrulousMonolith the Gargoyle Fighter began the quest for
                  | the Orb.
     0 | D:1      | Reached XP level 1. HP: 14/14 MP: 1/1
   116 | D:1      | Reached XP level 2. HP: 19/19 MP: 2/2
   467 | D:1      | Reached XP level 3. HP: 22/23 MP: 3/3
   892 | D:2      | Reached XP level 4. HP: 29/29 MP: 4/4
   923 | D:2      | Reached skill level 3 in Maces & Flails
   989 | D:2      | Reached skill level 1 in Dodging
  1067 | D:2      | Noticed Terence
  1084 | D:2      | Killed Terence
  1231 | D:2      | Found a faded altar of an unknown god.
  1297 | D:2      | Reached XP level 5. HP: 33/33 MP: 5/5
  1506 | D:3      | Noticed Sigmund
  1514 | D:3      | Killed Sigmund
  1515 | D:3      | Reached skill level 4 in Maces & Flails
  1515 | D:3      | Reached XP level 6. HP: 38/38 MP: 6/6
  2258 | D:4      | Reached XP level 7. HP: 43/44 MP: 7/7
  2376 | D:4      | Identified the +2 robe of the Old World {rC+ Will++}
  2472 | D:4      | Found a stormy altar of Qazlal.
  2473 | D:4      | Found a shimmering altar of Xom.
  2475 | D:4      | Found a broken altar of Ashenzari.
  2475 | D:4      | Found a radiant altar of Vehumet.
  2477 | D:4      | Found a shadowy altar of Dithmenos.
  2478 | D:4      | Found a bloodstained altar of Trog.
  2630 | D:5      | Entered Level 5 of the Dungeon
  2891 | D:5      | Reached skill level 5 in Maces & Flails
  3208 | D:6      | Reached skill level 5 in Fighting
  3238 | D:6      | Reached skill level 5 in Armour
  3257 | D:6      | Reached skill level 5 in Shields
  3257 | D:6      | Reached XP level 8. HP: 49/49 MP: 8/8
  3288 | D:6      | Noticed Dowan
  3289 | D:6      | Noticed Duvessa
  3304 | D:6      | Killed Duvessa
  3307 | D:6      | Killed Dowan
  3444 | D:6      | Reached skill level 6 in Maces & Flails
  3758 | D:7      | Found a staircase to the Ecumenical Temple.
  3979 | D:7      | Reached XP level 9. HP: 21/55 MP: 9/9
  4117 | Temple   | Entered the Ecumenical Temple
  4128 | Temple   | Became a worshipper of the Shining One
  4199 | D:7      | Found a shimmering blue altar of Sif Muna.
  4374 | D:7      | Reached skill level 7 in Maces & Flails
  4537 | D:7      | Reached skill level 1 in Invocations
  5254 | D:8      | Noticed a two-headed ogre
  5266 | D:8      | Killed a two-headed ogre
  5267 | D:8      | Reached skill level 8 in Maces & Flails
  5481 | D:8      | Reached * piety under the Shining One
  5501 | D:8      | Reached XP level 10. HP: 37/61 MP: 12/12
  5856 | D:8      | Found a hide-covered altar of Uskayaw.
  6054 | D:9      | Identified a scroll of acquirement
  6055 | D:9      | Acquired 1236 gold pieces
  6442 | D:9      | Found a runed translucent door.
  6442 | D:9      | Found a shimmering altar of Xom.
  6442 | D:9      | Noticed SevenDeadlySins's ghost (novice MfSh)
  6443 | D:9      | Noticed a +2 quarterstaff of chaos
  6499 | D:9      | Found Seak's Distillery.
  6512 | D:9      | Bought 2 potions of curing for 78 gold pieces
  6512 | D:9      | Bought a potion of heal wounds for 65 gold pieces
  6512 | D:9      | Bought a potion of curing for 39 gold pieces
  6512 | D:9      | Bought 2 potions of curing for 78 gold pieces
  6567 | D:9      | Reached ** piety under the Shining One
  6576 | D:9      | Reached skill level 9 in Maces & Flails
  6645 | D:9      | Found a flagged portal.
  6657 | Bailey   | Entered a bailey
  6730 | Bailey   | Reached skill level 5 in Dodging
  6888 | Bailey   | Noticed a kobold demonologist
  6902 | Bailey   | Killed a kobold demonologist
  7013 | Bailey   | Reached XP level 11. HP: 63/68 MP: 14/14
  7109 | Bailey   | Noticed an orc high priest
  7111 | Bailey   | Found an iron altar of Okawaru.
  7121 | Bailey   | Killed an orc high priest
  7276 | Bailey   | Reached skill level 5 in Invocations
  7382 | Bailey   | Identified the +7 glaive of the Forsaken Seas {flame, Will+
                  | Int+4 Dex+3}
  7406 | Bailey   | Identified the +5 chain mail "Egometuq" {rC+ rN++ Dex+2
                  | Slay-6}
  7407 | Bailey   | Identified the +0 chain mail of Classification {Harm +Blink
                  | rN+}
  7506 | Bailey   | Reached skill level 10 in Maces & Flails
  7675 | D:9      | Acquired a +2 morningstar of flaming
  8302 | D:10     | Entered Level 10 of the Dungeon
  8540 | D:10     | Found a staircase to the Lair.
  8764 | D:10     | Found a portal to a secret trove of treasure.
  9402 | D:11     | Noticed a manticore
  9407 | D:11     | Killed a manticore
  9408 | D:11     | Reached skill level 11 in Maces & Flails
  9455 | D:11     | Identified the +5 chain mail of Servitude {Int+3 Dex+3}
  9606 | D:11     | Noticed a two-headed ogre
  9614 | D:11     | Killed a two-headed ogre
  9789 | D:11     | Found a staircase to the Orcish Mines.
  9857 | D:11     | Noticed a two-headed ogre
  9862 | D:11     | Killed a two-headed ogre
 10165 | Lair:1   | Entered Level 1 of the Lair of Beasts
 10185 | Lair:1   | Reached skill level 12 in Maces & Flails
 10193 | Lair:1   | Reached XP level 12. HP: 25/76 MP: 16/16
 10500 | Lair:1   | Reached *** piety under the Shining One
 10569 | Lair:1   | Noticed a catoblepas
 10582 | Lair:1   | Killed a catoblepas
 10583 | Lair:1   | Reached skill level 13 in Maces & Flails
 10858 | Lair:1   | Noticed a death yak
 10858 | Lair:1   | Noticed a death yak
 10859 | Lair:1   | Noticed a death yak
 10860 | Lair:1   | Noticed a death yak
 10860 | Lair:1   | Noticed a death yak
 10861 | Lair:1   | Noticed a death yak
 11116 | D:10     | Killed a death yak
 11268 | Lair:1   | Killed a death yak
 11275 | Lair:1   | Killed a death yak
 11287 | Lair:1   | Killed a death yak
 11303 | Lair:1   | Killed a death yak
 11311 | Lair:1   | Killed a death yak
 11312 | Lair:1   | Reached skill level 10 in Fighting
 11312 | Lair:1   | Reached skill level 14 in Maces & Flails
 11720 | Lair:1   | Reached skill level 10 in Armour
 11872 | Lair:2   | Noticed Harold
 11887 | Lair:2   | Killed Harold
 11940 | Lair:2   | Reached XP level 13. HP: 82/82 MP: 18/18
 11952 | Lair:2   | Found a shimmering altar of Xom.
 11977 | Lair:2   | Reached skill level 10 in Shields
 12181 | Lair:2   | Reached skill level 15 in Maces & Flails
 12227 | Lair:2   | Found a staircase to the Snake Pit.
 12425 | Lair:2   | Found a dark tunnel.
 12448 | Volcano  | Entered a volcano
 13542 | Lair:3   | Identified the +0 robe "Naoqa" {*Corrode rF+ Int+3 Dex+3}
 13884 | Lair:3   | Found a staircase to the Swamp.
 14088 | Lair:4   | Reached **** piety under the Shining One
 14234 | Lair:4   | Found a staircase to the Slime Pits.
 14234 | Lair:4   | Found a viscous altar of Jiyva.
 14400 | Lair:4   | Found a runed translucent gate.
 14400 | Lair:4   | Found a runed translucent gate.
 14400 | Lair:4   | Found a runed translucent gate.
 14402 | Lair:4   | Noticed an azure jelly
 14403 | Lair:4   | Noticed an acid blob
 14404 | Lair:4   | Noticed an azure jelly
 14404 | Lair:4   | Noticed an acid blob
 14404 | Lair:4   | Noticed randomguy2701's ghost (journeyman MiFi)
 14404 | Lair:4   | Noticed an azure jelly
 14404 | Lair:4   | Noticed an azure jelly
 14404 | Lair:4   | Noticed an azure jelly
 14404 | Lair:4   | Noticed an azure jelly
 14405 | Lair:4   | Noticed an acid blob
 14426 | Lair:4   | Reached skill level 16 in Maces & Flails
 14499 | Lair:4   | Gained mutation: Your large and strong wings let you fly.
                  | [Gargoyle growth]
 14499 | Lair:4   | Reached XP level 14. HP: 74/90 MP: 20/20
 15316 | Lair:4   | Found a viscous altar of Jiyva.
 15340 | Lair:5   | Entered Level 5 of the Lair of Beasts
 15575 | Lair:5   | Reached skill level 10 in Invocations
 15835 | Lair:5   | Identified the +7 trident "Gakludghe" {heavy, Dex+5}
 16572 | Lair:5   | Reached ***** piety under the Shining One
 16757 | Lair:5   | Reached XP level 15. HP: 97/97 MP: 18/23
 17028 | Lair:5   | Found a corrupted altar of Lugonu.
 17028 | Lair:5   | Found a one-way gate to the infinite horrors of the Abyss.
 17139 | Lair:5   | Got Sitemp's Information on Flinty Vapour
 17327 | Lair:5   | Identified the +9 flail of Drought {freeze, *Corrode rN+++
                  | Will++ Dex-5}
 17990 | D:12     | Found Wuiluniu's Distillery.
 17999 | D:12     | Bought a potion of heal wounds for 90 gold pieces
 17999 | D:12     | Bought a potion of curing for 54 gold pieces
 17999 | D:12     | Bought a potion of curing for 54 gold pieces
 17999 | D:12     | Bought a potion of curing for 54 gold pieces
 18802 | D:13     | Found a gate to the Vaults.
 18803 | D:13     | Reached ****** piety under the Shining One
 19693 | D:14     | Noticed Rupert
 19713 | D:14     | Killed Rupert
 20019 | D:14     | Found a hide-covered altar of Uskayaw.
 20102 | D:14     | You are sucked into a shaft and drop 1 floor!
 20102 | D:15     | Entered Level 15 of the Dungeon
 20140 | D:15     | Identified the +0 ring mail "Manaq" {rN+ Str-4 Dex+4}
 20229 | D:15     | Found a staircase to the Depths.
 20229 | D:15     | Noticed a frost giant
 20238 | D:15     | Killed a frost giant
 21027 | D:15     | Noticed Nessos
 21040 | D:15     | Killed Nessos
 21041 | D:15     | Reached XP level 16. HP: 105/105 MP: 25/25
 21052 | D:15     | Reached skill level 15 in Shields
 21157 | D:15     | Noticed Azrael
 21186 | D:15     | HP: 1/105 [Azrael/damnation (34)]
 21188 | D:15     | Incinerated by Azrael

Illustrated notes

Levels and vault maps discovered:
D:1:      heliophobic_arrival_battle_scene, layout_loops_cross
D:2:      layout_rooms, hellmonk_ecumenical_altar_leap_of_faith,
          dreamdust_princess_bridge, minmay_vboxes, uniq_terence
D:3:      layout_loops_ring, nicolae_hexahallways, uniq_sigmund
D:4:      layout_rooms, grunt_temple_overflow_open
D:5:      layout_cave_pools
D:6:      layout_rooms, uniq_duvessa
D:7:      layout_gridville, mainiacjoe_overflow_concentric_impassable,
          temple_pool_b
D:8:      layout_cave_pools, nicolae_uskayaw_murder_on_the_dancefloor,
          special_room [special_room_orc]
D:9:      layout_layer_cave, serial_glass, glass_columns_a, glass_columns_b,
          glass_columns_b, glass_columns_c, glass_columns_b, glass_columns_b,
          glass_columns_b, glass_columns_a, glass_columns_a, glass_columns_c,
          glass_columns_b, glass_columns_a, glass_columns_b, glass_columns_c,
          item_on_display_a, due_unseen_surprise, enter_bailey_2, serial_shops,
          nicolae_shop_gibbet_a_chance, ebering_ghost_xom, grunt_livestock,
          roderic_roman_lattice, serial_bayou_pond_e
D:10:     layout_long_grid, due_lair_maze_entry_diamond, enter_trove_6,
          nicolae_elevator_lobby_asterisk
D:11:     layout_gridville, minmay_orc_entry_temple_small
D:12:     layout_long_grid, serial_shops, nicolae_shop_tiny_glass,
          serial_rivers, chequers_serial_rivers_room_a,
          chequers_serial_rivers_small_b, chequers_serial_rivers_small_3,
          chequers_serial_rivers_small_3, chequers_serial_rivers_micro_b,
          chequers_serial_rivers_micro_c
D:13:     layout_basic, hellmonk_vaults_attempted_burglary,
          portal_ice_cave_entry_imps, nicolae_fountain_basement
D:14:     layout_loops_cross, lemuel_tele_altar, uniq_rupert
D:15:     grunt_enter_depths_snipers, layout_basic, minmay_misc_feat_hallway,
          kennysheep_two_boxes, uniq_nessos, uniq_azrael
Temple:   eino_temple_lava
Lair:1:   layout_chaotic_city
Lair:2:   layout_roguey, nicolae_snake_entry_warm_welcome, basic_altar,
          serial_forest, infiniplex_forest_lined_4_way,
          infiniplex_forest_straight_4, infiniplex_forest_lined_room_2,
          infiniplex_forest_lined_corner, infiniplex_forest_3_way,
          nicolae_volcano_entry_vermiform, minivault_26,
          dreamdust_mushroom_princess, infiniplex_staircase_pool_2,
          lemuel_fruit_tree, uniq_harold
Lair:3:   layout_small_grid, minmay_swamp_entry_wisps, serial_bayou_pond_a,
          st_stairs_9
Lair:4:   layout_cave_shapes, slime_entry_1, gammafunk_ghost_ooze,
          grunt_megastairs_4, lemuel_fruit_fields
Lair:5:   hellmonk_lair_end_abyssal_woods, layout_regular_city,
          grunt_megastairs_2

Skill      XL: |  1  2  3  4  5  6  7  8  9 10 11 12 13 14 15 16 |
---------------+-------------------------------------------------+-----
Maces & Flails | 3 4 5 6 8 9 12 14 16 | 16.0
Dodging        | 1 2 3 4 5 |  5.0
Fighting       | 4 5 6 8 9 10 11 12 13 | 13.7
Armour         | 4 5 6 7 9 10 11 12 13 | 13.6
Shields        | 4 5 6 7 8 9 10 13 14 15 | 15.0
Invocations    | 2 4 6 7 9 10 12 | 12.1

Action                     |  1- 3 |  4- 6 |  7- 9 | 10-12 | 13-15 | 16-18 || total
---------------------------+-------+-------+-------+-------+-------+-------++-------
  Melee: Flail             |    88 |    52 |   299 |   392 |       |       ||   831
         Mace              |       |    86 |    53 |       |       |       ||   139
         Morningstar       |       |       |       |   377 |   107 |       ||   484
         Eveningstar       |       |       |       |       |  1002 |    27 ||  1029
  Throw: Dart              |       |       |       |     4 |       |     5 ||     9
 Invoke: Divine Shield     |       |       |       |     1 |     1 |       ||     2
         Cleansing Flame   |       |       |       |       |     2 |     3 ||     5
  Evoke: Wand              |       |       |     1 |     9 |     7 |     2 ||    19
    Use: Potion            |       |     1 |       |     5 |     7 |     2 ||    15
         Scroll            |       |       |    17 |    12 |     6 |       ||    35
 Armour: Scale mail        |    46 |     8 |       |       |       |       ||    54
         Chain mail        |       |    49 |   176 |   371 |    37 |       ||   633
         Plate armour      |       |       |       |       |   487 |    14 ||   501
  Dodge: Dodged            |    36 |    32 |    58 |   220 |   336 |     9 ||   691
  Block: Buckler           |    24 |    58 |     1 |       |       |       ||    83
         Tower shield      |       |       |   417 |   933 |  1271 |    32 ||  2653
         Reflection        |       |       |    11 |    15 |    41 |     1 ||    68

Table legend: (Time is in decaauts)
 A = Elapsed time spent in this place.
 B = Non-inter-level travel time spent in this place.
 C = Inter-level travel time spent in this place.
 D = Time resting spent in this place.
 E = Time spent auto-exploring this place.
 F = Levels seen in this place.
 G = Mean time per level.
                   A        B        C        D        E       F      G
               +--------+--------+--------+--------+--------+-----+--------+
         Total |  21444 |  20569 |    875 |   3252 |  11431 |  23 |  932.3 |
       Dungeon |  13085 |  12450 |    635 |   1519 |   7573 |  15 |  872.3 |
        Temple |     20 |     11 |      9 |      0 |      0 |   1 |   20.0 |
          Lair |   6947 |   6718 |    229 |   1373 |   3401 |   5 | 1389.4 |
        Bailey |   1057 |   1057 |      0 |    261 |    396 |   1 | 1057.0 |
       Volcano |    332 |    332 |      0 |     99 |     60 |   1 |  332.0 |
               +--------+--------+--------+--------+--------+-----+--------+

Top non-repeatable levels by time:
  Lair:5: 1978 daAuts
  Lair:1: 1591 daAuts
  Lair:4: 1466 daAuts
     D:7: 1429 daAuts
     D:9: 1418 daAuts
    D:10: 1182 daAuts
    D:13: 1088 daAuts
  Bailey: 1057 daAuts
  Lair:2: 960 daAuts
  Lair:3: 950 daAuts
     D:8: 945 daAuts
    D:12: 886 daAuts
     D:3: 864 daAuts
    D:14: 814 daAuts
    D:11: 769 daAuts
